 Dungeon Crawl Stone Soup version 0.19.5 (webtiles) character file.

16217 Dexcius the Whirler (level 12, -4/88 (89) HPs)
             Began as a Halfling Hunter on Mar 24, 2017.
             Was a High Priest of Makhleb.
             Slain by a wolf (10 damage)
             ... on level 2 of the Lair of Beasts.
             The game lasted 00:55:52 (11699 turns).

Dexcius the Whirler (Halfling Hunter)              Turns: 11699, Time: 00:55:53

HP:   -4/88 (89)    AC: 15    Str: 13    XL:     12   Next: 67%
MP:   22/22         EV: 16    Int:  9    God:    Makhleb [*****.]
Gold: 429           SH:  0    Dex: 20    Spells: 1 memorised, 12 levels left

rFire  . . .     SeeInvis .     m - +6 hunting sling (freeze)
rCold  . . .     Gourm    .     i - +0 ring mail
rNeg   . . .     Faith    .     (shield restricted)
rPois  .         Spirit   .     (no helmet)
rElec  .         Reflect  .     B - +1 cloak (curse)
rCorr  .         Harm     .     t - +2 pair of gloves
MR     .....                    b - +2 pair of boots
Stlth  ++........               (no amulet)
                                r - ring of magical power
                                h - +2 ring of slaying

@: lethally poisoned (-4 -> -6)
A: mutation resistance 1
a: Minor Destruction, Lesser Servant of Makhleb, Major Destruction, Greater
Servant of Makhleb, Renounce Religion


You were on level 2 of the Lair of Beasts.
You worshipped Makhleb.
Makhleb was extremely pleased with you.
You were not hungry.

You visited 2 branches of the dungeon, and saw 12 of its levels.

You collected 429 gold pieces.

Inventory:

Hand Weapons
 j - a +3 shortbow
 l - a +0 short sword of flaming
 m - a +6 hunting sling of freezing (weapon)
 w - a +0 morningstar
Missiles
 e - 330 arrows
 k - 122 stones (quivered)
Armour
 b - a +2 pair of boots (worn)
 i - a +0 ring mail (worn)
 t - a +2 pair of gloves (worn)
 B - a cursed +1 cloak (worn)
Jewellery
 h - a +2 ring of slaying (left hand)
 r - a ring of magical power (right hand)
Wands
 a - a wand of digging (16/24)
 A - a wand of teleportation (4/9)
Scrolls
 c - 3 scrolls of identify
 p - 6 scrolls of remove curse
 u - a scroll of blinking
 y - 3 scrolls of teleportation
Potions
 g - 6 potions of curing
 o - 2 potions of invisibility
 s - 2 potions of agility
 v - a potion of heal wounds
 x - a potion of haste
 z - a potion of flight
Books
 E - a book of Geomancy

   Spells                             Type                      Level
   a - Sandblast                      Earth                        1
   b - Passwall                       Transmutation/Earth          2
   c - Stone Arrow                    Conjuration/Earth            3
   d - Petrify                        Transmutation/Earth          4
   e - Lee's Rapid Deconstruction     Earth                        5
Comestibles
 d - 3 beef jerkies
 f - 7 bread rations
 n - 8 slices of pizza
 q - a meat ration


   Skills:
 + Level 10.8 Fighting
 + Level 18.2 Slings
 + Level 0.6(9.0) Throwing
 + Level 7.6 Armour
 + Level 4.2 Dodging
 + Level 4.4 Stealth
 + Level 1.0 Spellcasting
 + Level 1.0 Earth Magic
 + Level 0.4 Invocations


You had 12 spell levels left.
You knew the following spells:

 Your Spells              Type           Power        Failure   Level  Hunger
a - Sandblast             Erth           #.....       54%         1    ##.....


Dungeon Overview and Level Annotations

Branches:
Dungeon (10/15)            Temple (0/1) D:7            Lair (2/6) D:10
  Snake (0/4) Lair:2
  Swamp: Lair:2-4    Shoals: Lair:2-4       Orc: D:9-12

Altars:
Ashenzari
Cheibriados
Dithmenos
Elyvilon
Fedhas
Gozag
Makhleb
Okawaru
Ru
Sif Muna
Trog
Xom
The Shining One

Shops:
D:4 %   D:6 =

Annotations:
D:8 1 runed door


Innate Abilities, Weirdness & Mutations

You are small and have problems with some larger weapons.
You are somewhat resistant to further mutation.


Message History

The wolf is heavily wounded.
The wolf completely misses you.
The water moccasin bites the plant but does no damage.
The wolf barely misses you.
Firing (i - inventory):
k - 124 stones (quivered)
Press: ? - help, Shift-Dir - straight line, f/p - wolf
Aim: a wolf (heavily wounded)
You shoot a stone. The stone hits the wolf.
The stone freezes the wolf.
The wolf is severely wounded.
You feel sick. The wolf bites you but does no damage.
The wolf barely misses you.
The water moccasin bites the plant but does no damage.
The wolf completely misses you.
Firing (i - inventory):
k - 123 stones (quivered)
Press: ? - help, Shift-Dir - straight line, f/p - wolf
Aim: a wolf (severely wounded)
You shoot a stone. The stone hits the wolf.
The stone freezes the wolf.
The wolf is almost dead.
The wolf bites you!
You die...

.)...... .........#....
......#..P....
..............(
............... ##### .
...............####.#.###P.
......$..........(.(.......
..........[......h(........
................@hS........
....>..#.#..######P..###.#
....P...# ##..## ....†..##
##...# ...†#...##### #....#
.......†..#.## ##...#
.........†...####(.##
.....†.......#..#.(##
....#..###.....#P..P###.P


You could see a water moccasin and 2 wolves.

Vanquished Creatures
  The ghost of Goboxel the Cudgeler, a novice HuFi of the Shining One (D:8)
  Maurice (D:9)
  3 black mambas
  3 spiny frogs (Lair:1)
  3 komodo dragons (Lair:1)
  5 blink frogs (Lair:1)
  A two-headed ogre (D:9)
  4 hippogriffs
  A slime creature (Lair:1)
  Sigmund (D:2)
  5 wraiths
  A shadow (D:8)
  7 yaks
  2 fire bats (D:8)
  A human (D:7)
  3 hogs
  The ghost of Goboxel the Skirmisher, an amateur DsFi (D:4)
  A soldier ant (D:6)
  10 water moccasins
  6 orc warriors
  4 porcupines (Lair:1)
  2 black bears
  A sky beast (D:10)
  2 ice beasts (D:7)
  A necrophage (D:9)
  6 ogres
  3 phantoms
  A wolf (Lair:2)
  7 centaurs
  4 crocodiles
  Blork the orc (D:4)
  6 bullfrogs
  A gnoll sergeant (D:10)
  2 scorpions
  4 killer bees (D:7)
  9 wights
  3 howler monkeys (D:7)
  A bullfrog zombie (D:7)
  6 crimson imps
  11 jellies
  2 centaur skeletons (D:5)
  6 orc priests
  3 hounds
  3 bullfrog skeletons
  2 iguanas
  Terence (D:2)
  9 worker ants
  10 orc wizards
  2 hound skeletons
  A howler monkey zombie (D:7)
  5 gnolls
  A howler monkey skeleton (D:7)
  14 adders
  A shadow imp (D:8)
  16 oozes
  2 adder zombies (D:7)
  An adder skeleton (D:5)
  2 worms
  3 dart slugs
  4 leopard geckos
  42 orcs
  11 bats
  4 giant cockroaches
  8 goblins
  10 hobgoblins
  7 jackals
  3 quokkas
  4 ball pythons
  4 frilled lizards
  8 kobolds
  A leopard gecko skeleton (D:4)
  10 rats
335 creatures vanquished.

Vanquished Creatures (others)
  5 fungi (Lair:1)
  2 plants (Lair:2)
7 creatures vanquished.

Grand Total: 342 creatures vanquished

Notes
Turn   | Place    | Note
-------+----------+-------------------------------------------
     0 | D:1      | Dexcius the Halfling Hunter began the quest for the Orb.
     0 | D:1      | Reached XP level 1. HP: 14/14 MP: 1/1
   189 | D:1      | Reached skill level 6 in Slings
   200 | D:1      | Reached XP level 2. HP: 19/19 MP: 2/2
   486 | D:1      | Reached XP level 3. HP: 9/24 MP: 3/3
   898 | D:1      | Reached skill level 7 in Slings
  1177 | D:2      | Found a snail-covered altar of Cheibriados.
  1180 | D:2      | Reached XP level 4. HP: 29/29 MP: 4/4
  1228 | D:2      | Found a white marble altar of Elyvilon.
  1354 | D:2      | Noticed Terence
  1393 | D:2      | Killed Terence
  1612 | D:2      | Noticed Sigmund
  1625 | D:2      | Killed Sigmund
  1625 | D:2      | Reached skill level 9 in Slings
  1625 | D:2      | Reached skill level 1 in Armour
  1625 | D:2      | Reached XP level 5. HP: 33/34 MP: 5/5
  1625 | D:2      | Reached XP level 6. HP: 38/39 MP: 6/6
  2493 | D:3      | Reached skill level 10 in Slings
  2638 | D:3      | Found a deep blue altar of Sif Muna.
  2693 | D:3      | Reached XP level 7. HP: 45/45 MP: 7/7
  2967 | D:4      | Found a glowing golden altar of the Shining One.
  3108 | D:4      | Noticed Goboxel's ghost (amateur DsFi)
  3113 | D:4      | Killed Goboxel's ghost
  3113 | D:4      | Reached skill level 11 in Slings
  3113 | D:4      | Reached XP level 8. HP: 52/52 MP: 8/8
  3306 | D:4      | Found Iluittil's Food Shop.
  3343 | D:4      | Noticed Blork the orc
  3348 | D:4      | Killed Blork the orc
  3632 | D:5      | Entered Level 5 of the Dungeon
  3764 | D:5      | Found a burning altar of Makhleb.
  3775 | D:5      | Became a worshipper of Makhleb the Destroyer
  3795 | D:5      | Reached skill level 12 in Slings
  4306 | D:6      | Found a blossoming altar of Fedhas.
  4336 | D:6      | Reached skill level 13 in Slings
  4336 | D:6      | Reached XP level 9. HP: 56/59 MP: 9/9
  4698 | D:6      | Reached * piety under Makhleb
  4792 | D:6      | Found Foeg's Jewellery Shop.
  4943 | D:6      | Found a blossoming altar of Fedhas.
  4992 | D:6      | Reached skill level 5 in Fighting
  5029 | D:6      | Found a bloodstained altar of Trog.
  5288 | D:7      | Found a staircase to the Ecumenical Temple.
  5370 | D:6      | Reached skill level 14 in Slings
  5905 | D:7      | Reached XP level 10. HP: 58/68 MP: 10/10
  6199 | D:7      | Reached ** piety under Makhleb
  6199 | D:7      | Reached skill level 5 in Armour
  6615 | D:7      | Found a shimmering altar of Xom.
  6934 | D:7      | Reached skill level 15 in Slings
  7142 | D:8      | Noticed Goboxel's ghost (novice HuFi)
  7223 | D:8      | Killed Goboxel's ghost
  7589 | D:8      | Found a sacrificial altar of Ru.
  7626 | D:8      | Reached *** piety under Makhleb
  7651 | D:8      | Found a runed door.
  7652 | D:8      | Found a glowing golden altar of the Shining One.
  7659 | D:8      | Found an opulent altar of Gozag.
  7685 | D:8      | Reached XP level 11. HP: 77/77 MP: 11/11
  7722 | D:8      | Found a shadowy altar of Dithmenos.
  7757 | D:8      | Found a blossoming altar of Fedhas.
  7783 | D:8      | Found a glowing golden altar of the Shining One.
  8005 | D:8      | Found an iron altar of Okawaru.
  8084 | D:8      | Found a shattered altar of Ashenzari.
  8294 | D:9      | Noticed Maurice
  8309 | D:9      | Killed Maurice
  8309 | D:9      | Reached skill level 16 in Slings
  8912 | D:10     | Entered Level 10 of the Dungeon
  9174 | D:10     | Reached **** piety under Makhleb
  9377 | D:10     | Found a staircase to the Lair.
  9731 | Lair:1   | Entered Level 1 of the Lair of Beasts
  9925 | Lair:1   | Reached skill level 17 in Slings
  9934 | Lair:1   | Reached XP level 12. HP: 86/86 MP: 12/12
 10002 | Lair:1   | Reached skill level 10 in Fighting
 10042 | Lair:1   | Learned a level 1 spell: Sandblast
 10491 | Lair:1   | Reached ***** piety under Makhleb
 10931 | Lair:1   | Reached skill level 18 in Slings
 11542 | Lair:2   | Found a staircase to the Snake Pit.
 11619 | Lair:2   | Reached skill level 1 in Spellcasting
 11687 | Lair:2   | Reached skill level 1 in Earth Magic
 11699 | Lair:2   | Slain by a wolf

Skill      XL: |  1  2  3  4  5  6  7  8  9 10 11 12 |
---------------+-------------------------------------+-----
Slings         | 6 7 9 10 11 13 14 15 17 18 | 18.2
Fighting       | 2 3 4 6 8 9 10 | 10.8
Armour         | 1 2 4 6 7 |  7.6
Stealth        | 2 3 4 |  4.4
Dodging        | 3 4 |  4.2
Spellcasting   | 1 |  1.0
Earth Magic    | 1 |  1.0
Throwing       | |  0.6
Invocations    | |  0.4

Action                   |  1- 3 |  4- 6 |  7- 9 | 10-12 || total
-------------------------+-------+-------+-------+-------++-------
Melee: Short sword       |       |       |       |    24 ||    24
       Hunting sling     |       |       |       |     1 ||     1
 Fire: Hunting sling     |    59 |   148 |   276 |   731 ||  1214
Throw: Throwing net      |       |     8 |       |       ||     8
 Cast: Sandblast         |       |       |       |     7 ||     7
Invok: Minor Destruction |       |       |       |     1 ||     1
  Use: Potion            |       |     6 |     4 |     3 ||    13
       Scroll            |       |     1 |     8 |    11 ||    20
  Eat: Royal jelly       |     1 |       |       |     1 ||     2
       Fruit             |       |     3 |       |     2 ||     5
       Bread ration      |       |     1 |       |       ||     1
       Meat ration       |       |       |     2 |     2 ||     4
Armor: Ring mail         |     4 |     6 |    14 |    50 ||    74
Dodge: Dodged            |    20 |    18 |    35 |   126 ||   199
